 Dungeon Sprint DCSS version 0.20.1-1-g8b1a95d (webtiles) character file.

478 NeonDemon the Nimble (level 7, -9/42 HPs)
             Began as a Vine Stalker Assassin on Sept 16, 2017.
             Mangled by a tyrant leech (19 damage)
             ... in the Dungeon (Sprint II: "The Violet Keep of Menkaure").
             The game lasted 00:02:51 (195 turns).

NeonDemon the Nimble (Vine Stalker Assassin)         Turns: 195, Time: 00:02:52

Health: -9/42      AC:  3    Str: 14      XL:     7   Next: 11%
Magic:  0/8        EV: 18    Int:  8 (11) God:
Gold:   243        SH:  0    Dex: 17      Spells: 6/6 levels left

rFire    . . .     SeeInvis .   a - +2 dagger
rCold    . . .     Gourm    .   (no shield)
rNeg     . . .     Faith    .   c - +0 robe
rPois    .         Spirit   +   (no helmet)
rElec    .         Reflect  .   d - +0 cloak
rCorr    .         Harm     .   (no gloves)
MR       .....     NoTele   +   (no boots)
Stlth    +++.......             (no amulet)
Regen    0.6/turn               (no ring)
MPRegen  0.2/turn               (no ring)

@: no status effects
A: fangs 2, regeneration 1, magic shield, antimagic bite, no potion heal 3, rot
immunity
a: no special abilities


You were in the Dungeon.
You were not hungry.

You visited 1 branch You collected 243 gold pieces.

Inventory:

Hand Weapons
 a - a +2 dagger (weapon)
 b - a +0 blowgun
Missiles
 e - 8 poisoned needles
Armour
 c - a +0 robe (worn)
 d - a +0 cloak (worn)
Scrolls
 m - a scroll of blinking
Potions
 h - a potion of curing
 i - a potion of heal wounds
 j - a potion of haste
 k - 2 potions of magic
Comestibles
 g - a bread ration
 n - 3 chunks of flesh


   Skills:
 + Level 7.0 Fighting
 + Level 6.9 Short Blades
 - Level 1.7 Throwing
 * Level 8.8 Dodging
 - Level 4.8 Stealth


You had 6 spell levels left.
You didn't know any spells.

Dungeon Overview and Level Annotations

Branches:
Dungeon (1/1)

Altars:

Shops:
D :[[%}[(!}*=?}!:=

Annotations:
D exclusion: oklob plant


Innate Abilities, Weirdness & Mutations

You have extremely sharp teeth.
Your natural rate of healing is unusually fast.
When hurt, damage is shared between your health and your magic reserves.
Your bite disrupts and absorbs the magic of your enemies.
Potions cannot restore your health.
You are immune to rotting.


Message History

Something tries to feed on your intellect!
You barely miss the tyrant leech. Your bite misses the tyrant leech.
The tyrant leech bites you!
The tyrant leech draws strength from your injuries!
You hit the tyrant leech but do no damage.
A very large slime creature splits.
You completely miss the tyrant leech. You bite the tyrant leech.
You drain its power.
You feel invigorated.
The tyrant leech is lightly wounded.
The tyrant leech closely misses you.
You hit the tyrant leech but do no damage.
Your bite misses the tyrant leech.
The tyrant leech is lightly wounded.
You barely miss the tyrant leech.
You bite the tyrant leech, but do no damage.
The tyrant leech is lightly wounded.
The neqoxec gestures at you.
Something tries to feed on your intellect!
The tyrant leech bites you!!
You die...

############≈≈#+++
###########≈≈≈...
##....∩.∩.#≈≈≈≈.#
##...∩.∩..#≈≈≈≈## ###
##..∩.∩...#≈≈≈≈#3##..
##.⌠.∩....#≈≈### .3.
##..∩.∩...#3##.###'#
##...∩.∩..#3#$..##3## .
##....∩.∩@w55###'w55+ .
##.....∩.∩#3#...##.## .
#▓▓▓▓▓▓▓###≈##.###'## ##.
##[(D######≈≈####.).####≈≈
#(JJ# ##≈≈≈#..#..#≈≈≈≈
#∩P?+ #+#≈##...##≈§≈§ :.
#≈≈##'##≈≈≈§≈
##≈≈(≈≈≈≈≈≈§§ #+++#+++#§§≈


You could see an ice dragon, a tyrant leech, a large slime creature, a slime
creature, an oklob plant, 3 neqoxecs, a crimson imp and a shadow imp.

Vanquished Creatures
  A merfolk siren Menkaure
2 creatures vanquished.

Vanquished Creatures (others)
  A crocodile
1 creature vanquished.

Grand Total: 3 creatures vanquished

Notes
Turn   | Place    | Note
-------+----------+-------------------------------------------
     0 | D        | NeonDemon the Vine Stalker Assassin began the quest for the Orb.
     0 | D        | Reached XP level 1. HP: 11/11 MP: 2/2
     2 | D        | Noticed a merfolk siren
    26 | D        | Killed a merfolk siren
    26 | D        | Reached skill level 6 in Fighting
    26 | D        | Reached skill level 6 in Short Blades
    26 | D        | Reached skill level 8 in Dodging
    26 | D        | Reached XP level 2. HP: 15/20 MP: 3/3
    26 | D        | Reached XP level 3. HP: 18/24 MP: 4/4
    26 | D        | Gained mutation: Your natural rate of healing is unusually fast. [Vine Stalker growth]
    26 | D        | Reached XP level 4. HP: 22/28 MP: 5/5
    26 | D        | Reached XP level 5. HP: 25/32 MP: 6/6
    26 | D        | Reached XP level 6. HP: 29/37 MP: 7/7
    43 | D        | Noticed a flying skull
    44 | D        | Noticed a flying skull
    44 | D        | Noticed a flying skull
    44 | D        | Noticed a flying skull
    44 | D        | Noticed a flying skull
    45 | D        | Noticed a flying skull
    45 | D        | Noticed a flying skull
    45 | D        | Noticed a flying skull
    45 | D        | Noticed a flying skull
    46 | D        | Noticed a flying skull
    56 | D        | Noticed a flying skull
    56 | D        | Noticed a flying skull
    58 | D        | Found Waoge's Jewellery Shop.
    60 | D        | Found Geazoo's Book Boutique.
    61 | D        | Found Ferevvedgh's Gadget Boutique.
    61 | D        | Found Orre Lew's Magic Scroll Shop.
    62 | D        | Found Neolib's Assorted Antiques.
    62 | D        | Found Inoin's Gadget Boutique.
    63 | D        | Found Ekkixet's Antique Armour Boutique.
    63 | D        | Found Poxaargh's Gadget Shop.
    63 | D        | Found Xaestruf's Distillery.
    64 | D        | Found Feukh's Antique Armour Shop.
    64 | D        | Found Ydah's Antique Armour Boutique.
    64 | D        | Found Liutistri's Jewellery Shop.
    64 | D        | Found Fiuwameub's Food Boutique.
    65 | D        | Found Zylacw's Distillery.
    65 | D        | Found Ysson's Antique Weapon Boutique.
    67 | D        | Noticed Menkaure
    67 | D        | Noticed an ice dragon
    97 | D        | Killed Menkaure
    97 | D        | Reached skill level 7 in Fighting
    97 | D        | Reached XP level 7. HP: 42/42 MP: 8/8
   150 | D        | Noticed a tyrant leech
   160 | D        | Noticed a neqoxec
   160 | D        | Noticed a neqoxec
   160 | D        | Noticed a neqoxec
   160 | D        | Noticed a neqoxec
   171 | D        | Noticed a tyrant leech
   171 | D        | Noticed an oklob plant
   172 | D        | Noticed a slime creature
   172 | D        | Found Parroetz's Book Shoppe.
   172 | D        | Noticed a slime creature
   172 | D        | Noticed a slime creature
   195 | D        | Mangled by a tyrant leech

Skill      XL: |  1  2  3  4  5  6 |
---------------+-------------------+-----
Fighting       | 6 7 |  7.0
Short Blades   | 6 |  6.9
Dodging        | 8 |  8.8
Throwing       | |  1.7
Stealth        | |  4.8

Action                   |  1- 3 |  4- 6 |  7- 9 || total
-------------------------+-------+-------+-------++-------
Melee: Dagger            |    18 |     3 |    12 ||    33
       Bite              |     3 |       |     3 ||     6
 Fire: Blowgun           |     2 |       |     1 ||     3
  Use: Potion            |       |     1 |       ||     1
Armor: Robe              |     1 |       |       ||     1
Dodge: Dodged            |     3 |       |     6 ||     9
